 Dungeon Crawl Stone Soup version 0.17.2-1-ge4368a0 (webtiles) character file.

541947 Goblin1989 the Slayer (level 25, -1/219 HPs)
             Began as a Demonspawn Hunter on Sept 16, 2016.
             Was an Initiate of Gozag.
             Splashed by an acid blob's acid (6 damage)
             ... created by the royal jelly
             ... on level 6 of the Pits of Slime on Sept 17, 2016.
             The game lasted 06:20:33 (87744 turns).

Goblin1989 the Slayer (Demonspawn Hunter)          Turns: 87744, Time: 06:20:33

Health: -1/219     AC: 20    Str: 25    XL:     25   Next: 28%
Magic:  52/54      EV: 14    Int: 19    God:    Gozag
Gold:   6047       SH: 32    Dex: 18    Spells: 7 memorised, 21 levels left

rFire  + + +     SeeInvis .     x - +8 eveningstar "Ysegin" {crush, rC+ MP+9 Str+2}
rCold  + + .     Rnd*Rage +     Q - +10 plate armour of Patterns {+Fly rElec}
rNeg   + . .     SustAt   .     h - +8 large shield {rF+}
rPois  +         Gourm    .     J - +2 hat {MR+}
rElec  +         Spirit   .     g - +2 cloak {MR+}
rCorr  +         Warding  .     l - +1 pair of gloves
rMut   .         Stasis   .     (boots unavailable)
MR     +++..                    N - amulet of resist corrosion
Stlth  ..........               X - ring of the Townfolk {rF+ rN+ MP+9}
                                M - ring of Amelioration {rC+ Int+5 Dex+4}

@: exhausted, about to teleport, corroded equipment, very slightly contaminated,
regenerating, hasted and slowed, extremely resistant to hostile enchantments,
extremely unstealthy
A: hooves 3, slimy green scales 3, berserk 1, blurry vision 1, fire resistance
1, nightstalker 2, spiny 3, flame cloud immunity
a: Potion Petition, Call Merchant, Bribe Branch, Renounce Religion, Evoke Flight
}: 2/15 runes: decaying, serpentine


You were on level 6 of the Pits of Slime.
You worshipped Gozag.
Gozag was noncommittal.
You were full.

You visited 10 branches of the dungeon, and saw 56 of its levels.
You visited 2 bazaars.
You also visited: Labyrinth and Volcano.

You collected 30034 gold pieces.
You spent 8360 gold pieces at shops.
You paid 15627 gold pieces to Gozag.

Inventory:

Hand Weapons
 x - the +8 eveningstar "Ysegin" (weapon) {crush, rC+ MP+9 Str+2}
   (You acquired it on level 6 of the Lair of Beasts)

   It inflicts extra damage upon your enemies.
   It affects your strength (+2).
   It protects you from cold.
   It affects your magic capacity (+9).
Missiles
 o - 5 throwing nets
Armour
 a - a +0 pair of boots
 g - a +2 cloak of magic resistance (worn)
 h - a +8 large shield of fire resistance (worn)
 l - a +1 pair of gloves (worn)
 J - a +2 hat of magic resistance (worn)
 Q - the +10 plate armour of Patterns (worn) {+Fly rElec}
   (You bought it in a shop on level 1 of the Snake Pit)

   It insulates you from electricity.
   It lets you fly.
Jewellery
 u - the ring "Donicrem" {rN+ MP+9 Str+3 SInv}
   (You took it off a deep elf blademaster on level 3 of the Elven Halls)

   [ring of magical power]

   It affects your strength (+3).
   It protects you from negative energy.
   It affects your magic capacity (+9).
   It lets you see invisible.
 M - the ring of Amelioration (left hand) {rC+ Int+5 Dex+4}
   (You took it off a deep elf annihilator on level 3 of the Elven Halls)

   [ring of dexterity]

   It affects your intelligence (+5).
   It affects your dexterity (+4).
   It protects you from cold.
 N - an amulet of resist corrosion (around neck)
 P - an uncursed amulet of regeneration
 X - the ring of the Townfolk (right hand) {rF+ rN+ MP+9}
   (You found it on level 4 of the Lair of Beasts)

   [ring of magical power]

   It protects you from fire.
   It protects you from negative energy.
   It affects your magic capacity (+9).
Wands
 d - a wand of teleportation (4)
 f - a wand of disintegration (5)
 p - a wand of hasting (5)
 I - a wand of heal wounds (0)
 Z - a wand of digging (10)
Scrolls
 c - 5 scrolls of magic mapping
 n - 23 scrolls of remove curse
 r - 5 scrolls of immolation
 s - 6 scrolls of teleportation
 t - a scroll of fear
 z - 6 scrolls of silence
 A - 5 scrolls of fog
 D - 24 scrolls of identify
 E - 5 scrolls of enchant armour
 F - 8 scrolls of recharging
 G - 12 scrolls of enchant weapon
 H - a scroll of blinking
 W - 7 scrolls of summoning
Potions
 b - 3 potions of cancellation
 i - 5 potions of resistance
 k - 2 potions of heal wounds
 m - 19 potions of curing
 q - 6 potions of agility
 v - a potion of might
 L - 3 potions of berserk rage
 S - a potion of haste
 U - 11 potions of flight
Miscellaneous
 K - a legendary deck of wonders {the Alchemist}
Comestibles
 e - 26 bread rations (quivered)
 w - 5 beef jerkies


   Skills:
 - Level 22.5 Fighting
 - Level 16.3 Maces & Flails
   Level 4.4 Crossbows
 - Level 17.7 Armour
 - Level 10.5 Dodging
 - Level 0.8 Stealth
 * Level 21.2 Shields
 - Level 9.3 Spellcasting
 + Level 6.9 Charms
 + Level 8.1 Necromancy


You had 21 spell levels left.
You knew the following spells:

 Your Spells              Type           Power        Failure   Level  Hunger
a - Regeneration          Chrm/Necr      #####.....   14%         3    None
b - Controlled Blink      Tloc           N/A          100%        8    #######
c - Apportation           Tloc           #.........   85%         1    None
d - Summon Butterflies    Summ           #.......     85%         1    None
e - Song of Slaying       Chrm           #####...     10%         2    None
f - Shroud of Golubria    Chrm/Tloc      ###.......   34%         2    None
g - Passage of Golubria   Tloc           N/A          100%        4    ###....


Dungeon Overview and Level Annotations

Branches:
Dungeon (15/15)            Temple (0/1) D:6            Lair (8/8) D:11
  Swamp (4/4) Lair:3        Snake (4/4) Lair:6        Slime (6/6) Lair:6
    Orc (4/4) D:9             Elf (3/3) Orc:3        Vaults (4/5) D:13
  Crypt (3/3) Vaults:2       Tomb (0/3) Crypt:3      Depths (5/5) D:15
    Zot (0/5) Depths:5

Altars:
Ashenzari
Cheibriados
Dithmenos
Gozag
Kikubaaqudgha
Makhleb
Ru
Sif Muna
Trog
Vehumet
Xom
Yredelemnul
Zin
Beogh
Jiyva

Shops:
D:5 ?   D:12 [   D:15 [   Orc:4 (*:?(=([   Elf:2 (   Snake:1 [*}   Snake:2 [
Depths:4 [[[

Portals:
Hell: Depths:1 Depths:2 Depths:3 Depths:4 Depths:5
Abyss: Depths:1 Depths:3 Depths:4
Pandemonium: Depths:2 Depths:3 Depths:4
Ziggurat: Depths:5

Annotations:
D:8 exclusion: 2 doors, Psyche
D:10 Snorg
Elf:2 3 runed doors
Vaults:4 Mara
Depths:3 exclusion: door


Innate Abilities, Weirdness & Mutations

You have hooves in place of feet.
You are completely covered in slimy green scales (AC +4, rPois).
Your flesh is heat resistant.
You are significantly more attuned to the shadows.
You are completely covered in sharp spines.
You are immune to clouds of flame.
You tend to lose your temper in combat.
Scrolls take you a little longer to read.


Message History

You feel much better.
The azure jelly is struck by your spines.
You kill the azure jelly!
That felt strangely unrewarding.
You block the azure jelly's attack. The azure jelly hits you!
* * * LOW HITPOINT WARNING * * *
The azure jelly freezes you! You resist.
* * * LOW HITPOINT WARNING * * *
You block the azure jelly's attack. x2
The acid blob spits acid at you. The splash of acid hits you! You resist.
* * * LOW HITPOINT WARNING * * *
The acid burns!
You resist.
* * * LOW HITPOINT WARNING * * *
The acid blob spits acid at you. The splash of acid hits you! You resist.
* * * LOW HITPOINT WARNING * * *
The acid burns!
You resist.
You die...
Your body crumbles into a pile of gold.

,,....$JJ..................,,****
,,....$....................,,,,**
,,.........................,,,**
,,.........................,,**
,,.......................#.,**
,,..................<....#***
,,,...........JJ......####
,,,............JJJ....#*
,,,..........JJJ@......#
,,,............J.....###
,,,..................#
,,,.................##
*,,,,,,..####...#..## *,*,,,*..*
##.##### *****,**** *## ***


You could see 2 acid blobs, 4 azure jellies, a slime creature and 2 death oozes.

Vanquished Creatures
  the royal jelly (Slime:6)
  An ancient lich (Depths:4)
  Sojobo (Vaults:2)
  Boris (Vaults:2)
  Saint Roka (Snake:2)
  Vashnia (Snake:4)
  A curse toe (Crypt:3)
  A caustic shrike (Depths:4)
  2 golden dragons
  Nikola (Vaults:1)
  Jory (Depths:2)
  the Enchantress (Depths:5)
  A profane servitor (Crypt:3)
  2 bone dragons
  A tentacled monstrosity (Depths:3)
  5 liches
  2 quicksilver dragons (Depths:4)
  Asterion (Vaults:1)
  4 deep elf blademasters (Elf:3)
  5 acid blobs
  A deep elf master archer (Elf:3)
  3 sphinxes
  2 thorn hunters (Swamp:4)
  9 ancient champions
  Kirke (Lair:8)
  3 tengu reavers
  4 shadow dragons
  3 azure jellies
  A draconian monk (Depths:5)
  Roxanne (Snake:1)
  7 fire giants
  4 storm dragons
  12 greater nagas
  4 revenants
  A draconian knight (Depths:5)
  An iron dragon (Depths:4)
  11 frost giants
  The ghost of Goblin1989 the Black Belt, a journeyman DsFi of Okawaru (D:15)
  Aizul (Snake:2)
  11 deep elf sorcerers
  2 ghost moths (Depths:2)
  2 curse skulls (Crypt:3)
  2 juggernaut zombies (Depths:4)
  3 caustic shrike zombies
  4 ghouls (Crypt:2)
  9 vault wardens
  5 spriggan defenders
  18 stone giants
  10 very ugly things
  10 ironheart preservers
  A green draconian (Depths:5)
  A salamander firebrand (Depths:5)
  7 deep elf annihilators
  A black draconian (Depths:5)
  A salamander stormcaller (Vaults:2)
  A yellow draconian (Depths:5)
  13 vampire knights
  2 deep elf demonologists (Elf:3)
  4 ettins
  A purple draconian (Depths:5)
  2 eidola (Crypt:3)
  7 deep elf death magi
  A minotaur (shapeshifter) (D:14)
  8 jiangshi
  A quicksilver dragon zombie (Depths:4)
  16 yaktaur captains
  A spectral golden dragon (Depths:3)
  5 vault guards
  2 death oozes
  Josephine (Orc:2)
  11 fire dragons
  9 great orbs of eyes
  4 deep elf high priests
  6 entropy weavers
  6 rakshasas
  10 hydras
  12 ice dragons
  19 naga warriors
  2 caustic shrike simulacra (Depths:3)
  5 spriggan air magi
  8 centaur warriors
  12 anacondas
  8 alligators
  Erica (D:10)
  A death knight (Crypt:2)
  14 ogre magi
  A ghost crab (Swamp:4)
  10 deep troll shamans
  5 tengu warriors
  A catoblepas (D:13)
  A queen ant (Lair:1)
  A satyr (shapeshifter) (D:14)
  6 vampire magi
  A titan zombie (Crypt:3)
  6 orc high priests
  11 naga sharpshooters
  5 spriggan berserkers
  9 hell knights
  8 death yaks
  8 shock serpents
  5 soul eaters
  A spectral storm dragon (Depths:3)
  Sonja (Lair:1)
  13 deep elf knights
  A fire crab (Depths:3)
  10 deep troll earth magi
  A sun demon (Depths:2)
  6 salamander mystics
  An iron troll (Depths:4)
  12 sea snakes
  32 skeletal warriors
  10 shadow wraiths
  11 flayed ghosts
  A swamp dragon (shapeshifter) (Depths:5)
  4 giant orange brains
  A death drake (Depths:3)
  3 unseen horrors
  A shadow dragon zombie (Depths:2)
  19 deep trolls
  6 deep elf summoners
  8 wizards
  A tengu zombie (Depths:2)
  Pikel (D:8)
  6 swamp dragons
  8 naga ritualists
  2 orb spiders (Depths:5)
  A shadow demon (Depths:2)
  2 shambling mangroves (Swamp:3)
  6 hill giants
  15 mana vipers
  15 orc knights
  13 ironbrand convokers
  5 phantasmal warriors
  3 iron dragon zombies
  A sphinx zombie (Depths:3)
  A wolf spider zombie (D:15)
  5 wolf spiders
  15 necromancers
  A sphinx skeleton (Depths:3)
  7 deep elf conjurers
  A lindwurm (Volcano)
  6 griffons
  A tengu skeleton (Depths:3)
  6 shining eyes
  6 hornets
  2 frost giant zombies
  A fire giant zombie (Vaults:1)
  An iron dragon skeleton (Depths:3)
  5 cyclopes
  A manticore (D:14)
  3 orc sorcerers
  18 salamanders
  A stone giant zombie (D:15)
  7 elephants
  A fire giant skeleton (Vaults:1)
  A spriggan zombie (Depths:4)
  13 vault sentinels
  Maurice (D:11)
  45 black mambas
  57 ugly things
  15 guardian serpents
  2 manticores (shapeshifter) (Vaults:4)
  20 naga magi
  4 torpor snails (Depths:3)
  An ice statue (Lair:4)
  A gargoyle (D:12)
  20 spiny frogs
  2 molten gargoyles (Depths:3)
  A titan simulacrum (Depths:3)
  An orange demon (Depths:2)
  7 centaur skeletons
  A guardian serpent (shapeshifter) (Vaults:1)
  11 komodo dragons
  An efreet (D:15)
  A storm dragon simulacrum (Depths:3)
  A dire elephant skeleton (Crypt:3)
  3 kobold demonologists
  A yaktaur (shapeshifter) (Depths:3)
  A komodo dragon (shapeshifter) (Vaults:3)
  A hellwing (Depths:2)
  A spectral glowing shapeshifter (Depths:3)
  67 yaktaurs
  A red devil (Depths:2)
  An anaconda simulacrum (Crypt:3)
  A troll (shapeshifter) (Vaults:1)
  An alligator snapping turtle skeleton (Crypt:1)
  2 golden dragon simulacra
  3 fire drakes
  A jumping spider (Vaults:4)
  9 freezing wraiths
  A death yak skeleton (Crypt:3)
  A grey draconian skeleton (Crypt:2)
  5 spriggan druids
  3 tengu conjurers
  2 minotaur zombies (Lab)
  16 deep elf priests
  5 giant leeches
  A death drake zombie (Crypt:3)
  A polar bear (shapeshifter) (D:13)
  A blue devil (Depths:2)
  23 two-headed ogres
  A wolf spider simulacrum (Crypt:3)
  Grinder (D:5)
  12 polar bears
  7 bog bodies
  Prince Ribbit (D:7)
  A queen bee (shapeshifter) (Vaults:3)
  A tengu simulacrum (Vaults:2)
  9 boulder beetles
  2 deep troll zombies
  2 ettin zombies
  7 trolls
  A boulder beetle (shapeshifter) (Depths:1)
  86 slime creatures
  A hornet zombie (D:13)
  A snapping turtle (shapeshifter) (Vaults:2)
  14 blink frogs
  12 flying skulls (Crypt:1)
  17 redbacks
  12 air elementals
  2 wyverns
  5 trapdoor spiders
  Sigmund (D:3)
  A frost giant simulacrum (Depths:2)
  An alligator skeleton (Crypt:3)
  2 ice dragon skeletons
  20 spriggans
  15 shadows
  2 stone giant simulacra
  24 yaks
  A wind drake zombie (Crypt:3)
  4 water elementals
  2 fire elementals (Depths:3)
  28 deep elf magi
  5 fire bats (Volcano)
  A basilisk (D:15)
  9 vampires
  2 small abominations (Depths:3)
  5 tarantellas
  42 vampire mosquitoes
  11 wraiths
  A hippogriff (shapeshifter) (Vaults:1)
  10 hippogriffs
  3 elf zombies
  5 swamp worm simulacra (Swamp:4)
  6 hogs
  39 deep elf fighters
  Grum (D:8)
  A mottled dragon (shapeshifter) (Depths:3)
  2 human simulacra (Vaults:1)
  3 hungry ghosts
  A steam dragon (Lair:4)
  6 soldier ants
  A merfolk zombie (Crypt:1)
  19 insubstantial wisps
  12 wargs
  A harpy simulacrum (Crypt:3)
  12 swamp worms
  52 nagas
  28 wolves
  8 sky beasts
  A human zombie (Depths:3)
  A mottled dragon (Vaults:2)
  15 hydra simulacra (Swamp:4)
  18 water moccasins
  A deep troll skeleton (Vaults:1)
  An ogre (shapeshifter) (Vaults:4)
  An eye of draining (D:9)
  16 wasps
  10 porcupines
  An anubis guard zombie (Crypt:2)
  An ettin simulacrum (Crypt:3)
  A manticore zombie (Crypt:3)
  8 phantoms
  5 swamp drakes
  8 centaurs
  5 ice beasts
  4 necrophages
  40 orc warriors
  6 black bears
  A blink frog skeleton (Crypt:1)
  17 boggarts
  48 ogres
  18 giant frogs
  3 big kobolds
  6 brain worms
  12 crocodiles
  A water moccasin zombie (Crypt:2)
  2 wyvern skeletons
  3 wyvern zombies
  4 scorpions
  A water moccasin skeleton (D:6)
  16 killer bees
  A raiju skeleton (Crypt:2)
  A polar bear skeleton (Crypt:2)
  A hippogriff skeleton (Crypt:3)
  3 lava snakes (Volcano)
  3 electric eels
  22 wights
  A vampire bat (Depths:3)
  8 crimson imps
  14 iguanas
  A giant frog zombie (D:5)
  A wolf skeleton (Crypt:3)
  4 centaur zombies
  7 hounds
  12 jellies
  5 giant frog skeletons
  3 iron imps (Depths:2)
  41 orc wizards
  Natasha (thrice) (D:3)
  A polar bear simulacrum (Lair:7)
  3 wolf simulacra (Lair:7)
  41 orc priests
  3 yak simulacra (Lair:7)
  15 worker ants
  A killer bee zombie (Crypt:2)
  26 sheep
  A demigod skeleton (Crypt:1)
  A deep dwarf skeleton (Crypt:1)
  A hound skeleton (D:8)
  A worker ant zombie (D:8)
  12 adders
  10 gnolls
  29 river rats
  7 shadow imps
  15 white imps
  2 oozes
  3 swamp drake simulacra (Swamp:4)
  2 worms
  3 giant geckos
  229 orcs
  3 ball pythons
  8 bats
  A bat skeleton (Crypt:2)
  4 giant cockroaches
  6 hobgoblins
  18 jackals
  A giant cockroach zombie (Crypt:1)
  4 giant newts
  12 goblins
  A jackal skeleton (D:4)
  22 kobolds
  6 quokkas
  13 rats
  4 river rat simulacra (Lair:7)
  A butterfly (Lair:5)
  3 fire vortices (Vaults:2)
2631 creatures vanquished.

Vanquished Creatures (collateral kills)
  A minotaur (Lab)
1 creature vanquished.

Vanquished Creatures (others)
  Margery (D:15)
  A fire giant (Depths:4)
  An azure jelly (Swamp:4)
  Fannar (Orc:2)
  An ogre mage (Depths:1)
  3 ugly things (Depths:1)
  A black mamba (Depths:3)
  A golden dragon simulacrum (Depths:3)
  A polar bear (Lair:4)
  2 two-headed ogres (Depths:1)
  A giant leech (Swamp:3)
  A slime creature (D:15)
  A boulder beetle (Vaults:3)
  A naga (Snake:3)
  A slave (D:8)
  3 ogres (Depths:1)
  A boggart (Depths:3)
  2 electric eels (D:8)
  2 orc priests
  An orc (Snake:3)
  A fire vortex (Vaults:2)
  26 fungi (Lair:8)
  5 lost souls
  15 plants
74 creatures vanquished.

Grand Total: 2706 creatures vanquished

Notes
Turn   | Place    | Note
--------------------------------------------------------------
     0 | D:1      | Goblin1989 the Demonspawn Hunter began the quest for the Orb.
     0 | D:1      | Reached XP level 1. HP: 16/16 MP: 1/1
    89 | D:1      | Reached skill level 4 in Crossbows
    92 | D:1      | Gained mutation: You are partially covered in slimy green scales (AC +2). [demonic ancestry]
    92 | D:1      | Reached XP level 2. HP: 20/22 MP: 2/2
   948 | D:2      | Reached XP level 3. HP: 27/27 MP: 3/3
  1101 | D:2      | Reached skill level 1 in Maces & Flails
  1502 | D:2      | Gained mutation: You are slightly more attuned to the shadows. [demonic ancestry]
  1502 | D:2      | Reached XP level 4. HP: 7/33 MP: 2/4
  2113 | D:3      | Noticed Sigmund
  2275 | D:3      | Found an opulent altar of Gozag.
  2290 | D:3      | Became a worshipper of Gozag Ym Sagoz the Greedy
  2606 | D:4      | Found a deep blue altar of Sif Muna.
  2628 | D:4      | Reached XP level 5. HP: 27/38 MP: 3/5
  3433 | D:4      | Gained mutation: You are significantly more attuned to the shadows. [demonic ancestry]
  3433 | D:4      | Reached XP level 6. HP: 13/44 MP: 1/6
  3440 | D:4      | Reached skill level 5 in Maces & Flails
  3712 | D:5      | Entered Level 5 of the Dungeon
  3824 | D:5      | Found a radiant altar of Vehumet.
  3986 | D:5      | Reached skill level 1 in Armour
  3986 | D:5      | Reached skill level 1 in Shields
  4125 | D:5      | Noticed Grinder
  4180 | D:6      | Gained mutation: You are partially covered in sharp spines. [demonic ancestry]
  4180 | D:6      | Reached XP level 7. HP: 37/51 MP: 5/7
  4463 | D:6      | Found a shattered altar of Ashenzari.
  4611 | D:6      | Reached skill level 6 in Maces & Flails
  4704 | D:6      | Found a basalt altar of Yredelemnul.
  4767 | D:6      | Gained mutation: You are mostly covered in slimy green scales (AC +3). [demonic ancestry]
  4767 | D:6      | Reached XP level 8. HP: 43/58 MP: 8/8
  4830 | D:6      | Found a staircase to the Ecumenical Temple.
  5257 | D:5      | Found Xyaroibb's Magic Scroll Shoppe.
  5286 | D:5      | Bought a scroll of remove curse for 36 gold pieces
  5308 | D:5      | Bought a scroll of vulnerability for 90 gold pieces
  5308 | D:5      | Bought a scroll of enchant armour for 90 gold pieces
  5308 | D:5      | Bought a scroll of recharging for 114 gold pieces
  5308 | D:5      | Bought a scroll of identify for 24 gold pieces
  5308 | D:5      | Bought a scroll of teleportation for 36 gold pieces
  5308 | D:5      | Bought a scroll of identify for 24 gold pieces
  5308 | D:5      | Bought a scroll of teleportation for 36 gold pieces
  5410 | D:5      | Killed Grinder
  5730 | D:3      | Killed Sigmund
  5730 | D:3      | Reached skill level 7 in Maces & Flails
  5747 | D:3      | You fall through a shaft for 2 floors!
  5797 | D:3      | Noticed Natasha
  5818 | D:3      | Killed Natasha
  6068 | D:3      | Noticed Natasha
  6074 | D:3      | Killed Natasha
  6160 | D:3      | Noticed Natasha
  6171 | D:3      | Killed Natasha
  6760 | D:7      | ololoev: yo boyz&girlz
  6760 | D:7      | Noticed Prince Ribbit
  6768 | D:7      | Reached XP level 9. HP: 43/66 MP: 9/9
  6788 | D:7      | Killed Prince Ribbit
  6788 | D:7      | Reached skill level 8 in Maces & Flails
  7105 | D:6      | Goblin1989: это ты кого герлой обозвал сейчас?
  7105 | D:6      | Goblin1989: приветы
  7296 | D:6      | ololoev: ну я хз бим бой или гёл
  7363 | D:7      | ololoev: так бы было просто yo boyz
  7364 | D:7      | ololoev: https://pp.vk.me/c628719/v628719747/20add/AciO3y4FoCg.jpg
  7364 | D:7      | Goblin1989: робот существительное мужского пола вроде
  7375 | D:7      | Reached skill level 5 in Fighting
  8574 | D:7      | Found a sacrificial altar of Ru.
  8597 | D:7      | Reached skill level 5 in Armour
  8660 | D:7      | Reached skill level 5 in Shields
  8686 | D:7      | DEFE: Но зачем гозаг?
  8738 | D:7      | Reached skill level 9 in Maces & Flails
  8928 | D:6      | Goblin1989: он мне нравится
  8928 | D:6      | Goblin1989: намир!!!!!
  8928 | D:6      | namelastname112: че у вас тут
  8928 | D:6      | Goblin1989: кагдила?
  8928 | D:6      | namelastname112: бля
  8928 | D:6      | Goblin1989: ну
  8928 | D:6      | namelastname112: ну так, более-менее
  8928 | D:6      | Goblin1989: я тут пытаюсь играть
  8928 | D:6      | namelastname112: скучно в армии конечно ебануться
  8928 | D:6      | namelastname112: но вообще норм
  9104 | D:6      | Goblin1989: ох лол
  9104 | D:6      | DEFE: Опа
  9104 | D:6      | DEFE: ретилоид
  9104 | D:6      | Goblin1989: так тебя все-таки в армейку в армейку взяли
  9104 | D:6      | DEFE: Привет
  9104 | D:6      | namelastname112: сап
  9118 | D:7      | DEFE: Когда дембель?
  9122 | D:7      | Goblin1989: лол
  9122 | D:7      | namelastname112: нескоро
  9122 | D:7      | Goblin1989: через год
  9122 | D:7      | Goblin1989: естественно же
  9166 | D:7      | Noticed an orc warlord
  9167 | D:7      | DEFE: лол
  9167 | D:7      | DEFE: варлорд на д7
  9167 | D:7      | DEFE: оод видимо
  9167 | D:7      | namelastname112: ну волт же
  9167 | D:7      | namelastname112: вон внизу
  9167 | D:7      | DEFE: смотри
  9167 | D:7      | DEFE: палка конфуза
  9167 | D:7      | namelastname112: замок этот орочий
  9167 | D:7      | DEFE: на него подействует хорошо
  9167 | D:7      | DEFE: Но я бы сбежал
  9167 | D:7      | DEFE: У него жлек топор
  9167 | D:7      | namelastname112: гроб гроб
  9182 | D:6      | namelastname112: вот одно хуево с этой армией
  9193 | D:6      | namelastname112: турнир пропущу наверное
  9221 | D:6      | Goblin1989: ага
  9221 | D:6      | DEFE: да, бида
  9221 | D:6      | DEFE: первое место могли взять
  9221 | D:6      | Goblin1989: тред его без тебя просрет
  9221 | D:6      | Goblin1989: а ты отпросись
  9221 | D:6      | DEFE: Ну в треде на самом деле много крутых игроков
  9221 | D:6      | namelastname112: хотя я через консольку могу ебашить
  9221 | D:6      | DEFE: они просто не играют турнир
  9221 | D:6      | namelastname112: но мне НЕУДОБНО
  9223 | D:7      | DEFE: ldf какой-нибудь
  9223 | D:7      | Goblin1989: так это уважительная причина
  9223 | D:7      | Goblin1989: ты покажи вашему главнюку как ты играешь он тебя отпустит )))
  9223 | D:7      | namelastname112: !won . vpen
  9223 | D:7      | beem: namelastname112 (vpen) has won 3 times in 24 games (12.50%): 3xVpEn
  9223 | D:7      | Goblin1989: rcnfnb
  9223 | D:7      | Goblin1989: кстати да
  9223 | D:7      | Goblin1989: ты вот мне скажи
  9223 | D:7      | namelastname112: че сказать
  9223 | D:7      | DEFE: не говори!
  9223 | D:7      | Goblin1989: как этот вампит с гозагом выжил вообще
  9223 | D:7      | namelastname112: а
  9223 | D:7      | Goblin1989: я пробовал раз 50
  9223 | D:7      | Goblin1989: безуспешно
  9223 | D:7      | namelastname112: ну лол, со стабов хилился
  9223 | D:7      | namelastname112: и итемы были охуенные
  9223 | D:7      | DEFE: а что не так
  9223 | D:7      | DEFE: с VpEn?
  9223 | D:7      | namelastname112: !lg . vpen gozag won -log
  9223 | D:7      | beem: 2. namelastname112, XL27 VpEn, T:126273: http://crawl.xtahua.com/crawl/morgue/namelastname112/morgue-namelastname112-20160606-145218.txt
  9223 | D:7      | Goblin1989: ну у него гозаг был
  9223 | D:7      | Goblin1989: ГОЗАГ
  9223 | D:7      | DEFE: ну а гозаг не продает кровь?
  9223 | D:7      | Goblin1989: не думаю
  9223 | D:7      | namelastname112: продает
  9223 | D:7      | namelastname112: вместо еды
  9223 | D:7      | DEFE: ну вот
  9223 | D:7      | namelastname112: но я почти не покупал
  9223 | D:7      | namelastname112: нахуй надо
  9223 | D:7      | DEFE: самое крутое за вампира
  9223 | D:7      | namelastname112: я со стабов регенился
  9223 | D:7      | DEFE: найти leech
  9223 | D:7      | namelastname112: в адах правда припекало
  9223 | D:7      | DEFE: или vamp tooth
  9223 | D:7      | DEFE: тогда можно бладлесс ходить
  9223 | D:7      | DEFE: все время
  9223 | D:7      | namelastname112: !lg . vpen won S=god
  9223 | D:7      | beem: Unknown field: s
  9261 | D:8      | namelastname112: !lg . vpen won s=god
  9262 | D:8      | beem: 3 games for namelastname112 (vpen won): 2x Gozag, Dithmenos
  9292 | D:8      | namelastname112: лол
  9347 | D:8      | Noticed Psyche
  9348 | D:8      | namelastname112: два раза с гозагом
  9370 | D:8      | namelastname112: !won
  9374 | D:8      | beem: namelastname112 has won 140 times in 4358 games (3.21%): 15xDrMo 13xDrCj 9xDrWn 8xDrGl 7xDrAs 7xDrHu 5xDrAK 5xDrCK 4xDrSu 4xDrWz 3xDrEE 3xDrSk 3xDrTm 3xDrWr 3xVpEn 2xDrAE 2xDrAM 2xDrAr 2xDrBe 2xDrEn 2xDrFi 2xDrIE 2xDrNe 2xFeTm 1xCeMo 1xDDAr 1xDEFE 1xDgTm 1xDrFE 1xDrVM 1xDsMo 1xFeBe 1xFeCK 1xFeMo 1xFeWr 1xFoMo 1xGrBe 1xHEAE 1xHOGl 1xHuWz 1xKoAs 1xLaBe 1xMfAs 1xMfGl 1xNaMo 1xOgWn 1xOpMo 1xSpEn 1xT...
  9424 | D:8      | namelastname112: мда
  9428 | D:8      | Gained mutation: You have large cloven feet. [demonic ancestry]
  9428 | D:8      | Reached XP level 10. HP: 67/76 MP: 8/10
  9429 | D:8      | namelastname112: годик перерыва мне не помешает
  9430 | D:8      | DEFE: Трехрунщик
  9431 | D:8      | namelastname112: !lg . won urune=15
  9431 | D:8      | beem: 29. namelastname112 the Infernalist (L27 DrWz of Makhleb), escaped with the Orb and 15 runes on 2016-06-18 12:25:40, with 10107702 points after 177026 turns and 22:41:32.
  9444 | D:8      | namelastname112: !lg . won urune=15 s=char
  9444 | D:8      | beem: 29 games for namelastname112 (won urune=15): 3x DrAs, 3x DrCK, 3x DrMo, 3x DrSu, 2x VpEn, 2x DrCj, 2x DrHu, 2x DrWn, DrWz, FeCK, CeMo, DrIE, OpMo, DrAE, FeTm, DrFi, DrTm
  9487 | D:8      | namelastname112: ну да
  9490 | D:8      | namelastname112: я такой
  9585 | D:8      | Found a burning altar of Makhleb.
  9586 | D:8      | Noticed an Executioner
  9590 | D:8      | Found a glowing silver altar of Zin.
  9591 | D:8      | Noticed Grum
  9596 | D:8      | Noticed an angel
  9607 | D:8      | Killed Grum
 10008 | D:8      | DEFE: Тоже VpEn^Gozag
 10009 | D:8      | namelastname112: опа
 10010 | D:8      | DEFE: попробую
 10090 | D:8      | Noticed Pikel
 10095 | D:8      | Killed Pikel
 10097 | D:8      | namelastname112: да впен гозага это читерная хуйня
 10116 | D:8      | namelastname112: просто таб жмешь
 10172 | D:8      | namelastname112: и кастуешь временами
 11056 | D:9      | Noticed a hill giant
 11073 | D:9      | DEFE: гозаг на мумии
 11075 | D:9      | DEFE: крут
 11079 | D:9      | DEFE: беги
 11092 | D:9      | DEFE: конфуз же
 11092 | D:9      | DEFE: палка
 11096 | D:9      | Killed a hill giant
 11493 | D:9      | Reached skill level 10 in Maces & Flails
 11726 | D:9      | Found a bloodstained altar of Trog.
 11950 | D:9      | Found a staircase to the Orcish Mines.
 12075 | D:9      | Found an ancient bone altar of Kikubaaqudgha.
 12354 | D:10     | Entered Level 10 of the Dungeon
 12387 | D:10     | Noticed Snorg
 12877 | D:10     | Noticed Erica
 13056 | Orc:1    | Entered Level 1 of the Orcish Mines
 13073 | Orc:1    | Found a dark tunnel.
 13085 | Volcano  | Entered a volcano
 13884 | Volcano  | Noticed a firespitter statue
 13954 | Volcano  | Noticed a firespitter statue
 13972 | Volcano  | Noticed a firespitter statue
 13975 | Volcano  | Noticed a firespitter statue
 13976 | Volcano  | Noticed a firespitter statue
 13981 | Volcano  | Found a bloodstained altar of Trog.
 13981 | Volcano  | Noticed a lindwurm
 13991 | Volcano  | Reached XP level 11. HP: 52/84 MP: 5/11
 13996 | Volcano  | Killed a lindwurm
 15008 | D:10     | Killed Erica
 15218 | D:10     | Killed an unseen horror
 15964 | D:11     | Reached skill level 11 in Maces & Flails
 16331 | D:11     | Killed an unseen horror
 16597 | D:11     | Found a staircase to the Lair.
 16673 | D:11     | You fall through a shaft for 3 floors!
 16708 | D:14     | Noticed an eight-headed hydra
 16725 | D:14     | jacquesderrida: Golben
 16725 | D:14     | jacquesderrida: Defir
 16930 | D:14     | jacquesderrida: wew
 17430 | D:14     | Killed an eight-headed hydra
 17534 | D:12     | Found a labyrinth entrance.
 17554 | Lab      | Entered a labyrinth
 17785 | Lab      | jacquesderrida: BEASTS
 17785 | Lab      | jacquesderrida: Iz yaschika...
 17787 | Lab      | jacquesderrida: Nais
 17792 | Lab      | Noticed a minotaur
 17798 | Lab      | jacquesderrida: wew
 17807 | Lab      | jacquesderrida: rip menotaure
 17807 | Lab      | Killed a minotaur
 17807 | Lab      | Gained mutation: Your flesh is heat resistant. [demonic ancestry]
 17807 | Lab      | Reached XP level 12. HP: 35/94 MP: 4/12
 18753 | D:11     | Noticed Maurice
 18781 | Lair:1   | Entered Level 1 of the Lair of Beasts
 18857 | Lair:1   | Reached skill level 12 in Maces & Flails
 19309 | Lair:1   | Noticed Sonja
 20218 | Lair:1   | Killed Sonja
 22353 | Lair:3   | Found a staircase to the Swamp.
 22941 | Lair:4   | Reached skill level 13 in Maces & Flails
 22965 | Lair:4   | Noticed an ice dragon
 22988 | Lair:4   | HP: 4/97 [ice dragon (9)]
 22994 | Lair:4   | Killed an ice dragon
 23001 | Lair:4   | Reached XP level 13. HP: 32/102 MP: 2/13
 23059 | Lair:4   | Got a clouded silver ring
 23064 | Lair:4   | Identified the ring of the Townfolk {rF+ rN+ MP+9} (You found it on level 4 of the Lair of Beasts)
 24438 | Lair:5   | Learned a level 3 spell: Regeneration
 24672 | Lair:5   | Reached skill level 10 in Fighting
 24956 | Lair:6   | Found a staircase to the Slime Pits.
 24957 | Lair:6   | Found a viscous altar of Jiyva.
 25708 | Lair:6   | Found a staircase to the Snake Pit.
 27020 | Lair:7   | Reached skill level 14 in Maces & Flails
 27275 | Lair:7   | Reached skill level 10 in Armour
 27822 | Lair:7   | Gained mutation: You are mostly covered in sharp spines. [demonic ancestry]
 27822 | Lair:7   | Reached XP level 14. HP: 87/111 MP: 14/14
 28014 | Lair:7   | Reached skill level 10 in Shields
 28819 | D:11     | Killed Maurice
 29682 | Orc:2    | Noticed Fannar
 29709 | Orc:2    | Killed Fannar
 29760 | Orc:2    | Noticed Josephine
 29778 | Orc:2    | Killed Josephine
 30187 | Orc:3    | Found a staircase to the Elven Halls.
 30670 | Orc:4    | Entered Level 4 of the Orcish Mines
 30676 | Orc:4    | Found Zahiwo Peyts's Antique Weapon Boutique.
 30697 | Orc:4    | Found Gival's Armour Boutique.
 31016 | Orc:4    | Found Miseutre's General Store.
 31025 | Orc:4    | Bought a +0 helmet of see invisible for 172 gold pieces
 31025 | Orc:4    | Bought a slice of pizza for 22 gold pieces
 31025 | Orc:4    | Bought a scroll of blinking for 112 gold pieces
 31025 | Orc:4    | Bought a scroll of teleportation for 45 gold pieces
 31030 | Orc:4    | Found Nebant's Antique Weapon Emporium.
 31553 | Orc:4    | Paralysed by an orc sorcerer for 4 turns
 31751 | Orc:4    | Found Caugguvyss's Jewellery Boutique.
 31753 | Orc:4    | Found Waqoch's Magic Scroll Shop.
 31754 | Orc:4    | Found Raikurph's Book Shop.
 31755 | Orc:4    | Found Utuerr's Antique Weapon Boutique.
 31782 | Orc:4    | Bought a scroll of enchant armour for 105 gold pieces
 31782 | Orc:4    | Bought a scroll of enchant weapon for 105 gold pieces
 31782 | Orc:4    | Bought a scroll of teleportation for 42 gold pieces
 31782 | Orc:4    | Bought a scroll of remove curse for 42 gold pieces
 31782 | Orc:4    | Bought a scroll of identify for 28 gold pieces
 31782 | Orc:4    | Bought 2 scrolls of magic mapping for 98 gold pieces
 31782 | Orc:4    | Bought a scroll of identify for 28 gold pieces
 31782 | Orc:4    | Bought a scroll of enchant armour for 105 gold pieces
 31982 | Orc:4    | Found a roughly hewn altar of Beogh.
 32489 | Orc:4    | jacquesderrida: Gonbel
 32492 | Orc:4    | Goblin1989: сап
 32492 | Orc:4    | jacquesderrida: can
 32493 | Orc:4    | jacquesderrida: wew
 32493 | Orc:4    | Bought a meat ration for 55 gold pieces
 32493 | Orc:4    | Bought a bread ration for 55 gold pieces
 32493 | Orc:4    | Bought a beef jerky for 16 gold pieces
 32493 | Orc:4    | Bought a beef jerky for 16 gold pieces
 32493 | Orc:4    | Bought a meat ration for 55 gold pieces
 32493 | Orc:4    | Bought a meat ration for 55 gold pieces
 32493 | Orc:4    | Bought a beef jerky for 16 gold pieces
 32493 | Orc:4    | Bought 3 fruits for 49 gold pieces
 32493 | Orc:4    | Bought a meat ration for 55 gold pieces
 32868 | Lair:8   | Entered Level 8 of the Lair of Beasts
 32942 | Lair:8   | Noticed Kirke
 33259 | Lair:8   | Killed Kirke
 33436 | Lair:8   | Reached skill level 15 in Maces & Flails
 35281 | Lair:8   | Got a fine iron ring
 35320 | Lair:8   | jacquesderrida: Goblen puteschestvennik
 35342 | Lair:8   | Reached XP level 15. HP: 111/120 MP: 15/15
 36106 | D:12     | Identified the ring "Erakhliwn" {+Inv Dex+3} (You found it on level 8 of the Lair of Beasts)
 36279 | D:12     | Learned a level 8 spell: Controlled Blink
 36362 | D:12     | Noticed a hill giant
 36369 | D:12     | Killed a hill giant
 37035 | D:12     | Found Saotim's Armour Shop.
 37044 | D:12     | Bought a +0 chain mail of poison resistance for 136 gold pieces
 37199 | D:12     | Got a shimmering scale mail
 37210 | D:12     | Identified the cursed +1 scale mail of Hadjma {Str-3 Dex+7} (You found it on level 12 of the Dungeon)
 37322 | D:13     | Noticed a catoblepas
 37332 | D:13     | Killed a catoblepas
 37847 | D:13     | Noticed a yaktaur captain
 37870 | D:13     | Killed a yaktaur captain
 38039 | D:13     | Found a gate to the Vaults.
 38260 | D:14     | Found a shadowy altar of Dithmenos.
 38266 | D:14     | Noticed a satyr
 38268 | D:14     | Noticed an unseen horror
 38272 | D:14     | Killed a satyr
 38282 | D:14     | Killed an unseen horror
 38567 | D:14     | Noticed a skeletal warrior
 38571 | D:14     | Noticed a skeletal warrior
 38573 | D:14     | Noticed a skeletal warrior
 38580 | D:14     | Killed a skeletal warrior
 38590 | D:14     | Killed a skeletal warrior
 38596 | D:14     | Killed a skeletal warrior
 38609 | D:14     | Noticed a skeletal warrior
 38616 | D:14     | Killed a skeletal warrior
 39092 | D:14     | Reached skill level 16 in Maces & Flails
 39709 | D:15     | Entered Level 15 of the Dungeon
 40066 | D:15     | Found a staircase to the Depths.
 41225 | D:15     | Found Oddab's Antique Armour Boutique.
 41231 | D:15     | Bought a spiked scale mail for 207 gold pieces
 41241 | D:15     | Identified the +3 scale mail of Inquiry {*Confuse rElec rC+++ rCorr} (You bought it in a shop on level 15 of the Dungeon)
 41510 | D:15     | Noticed Goblin1989's ghost (journeyman DsFi)
 41979 | D:15     | Killed Goblin1989's ghost
 42666 | Snake:1  | Entered Level 1 of the Snake Pit
 42666 | Snake:1  | Noticed Aizul
 43200 | Snake:1  | Bought a heavily runed plate armour for 896 gold pieces
 43200 | Snake:1  | Bought a translucent scale mail for 288 gold pieces
 43210 | Snake:1  | Identified the +10 plate armour of Patterns {+Fly rElec} (You bought it in a shop on level 1 of the Snake Pit)
 43220 | Snake:1  | Identified the +2 scale mail of Omogozan {-Cast rPois rC+ Dex+2} (You bought it in a shop on level 1 of the Snake Pit)
 43257 | Snake:1  | DEFE: ты мне весь д засрал призраками
 43258 | Snake:1  | Goblin1989: я?!!!
 43258 | Snake:1  | Goblin1989: да я уже весь день не умирал!!!
 43258 | Snake:1  | DEFE: а призраков навалом
 43258 | Snake:1  | Goblin1989: г
 43298 | Lair:6   | Identified a scroll of acquirement
 43306 | Lair:6   | Got a warped eveningstar
 43307 | Lair:6   | Identified the +8 eveningstar "Ysegin" {crush, rC+ MP+9 Str+2} (You acquired it on level 6 of the Lair of Beasts)
 43308 | Lair:6   | Goblin1989: ololo!!!
 43312 | Lair:6   | Gained mutation: Your mind is acute. (Int +2) [potion of beneficial mutation]
 43445 | Swamp:1  | Entered Level 1 of the Swamp
 43500 | Swamp:1  | Gained mutation: You are completely covered in slimy green scales (AC +4, rPois). [demonic ancestry]
 43500 | Swamp:1  | Reached XP level 16. HP: 83/130 MP: 16/16
 46248 | Swamp:3  | Got a brightly glowing garnet amulet
 46250 | Swamp:3  | Identified the amulet of Niewegg {Gourm Str+6} (You acquired it on level 3 of the Swamp)
 46296 | Swamp:4  | Entered Level 4 of the Swamp
 47839 | Snake:1  | Gained mutation: You have a pair of small horns on your head. [potion of beneficial mutation]
 47870 | Snake:1  | Noticed Roxanne
 48357 | Snake:1  | Killed Roxanne
 48359 | Snake:1  | Identified Roxanne's Reference Book on the Rocks and Transmigration (You took it off Roxanne on level 1 of the Snake Pit)
 48744 | Snake:1  | Bought a cabochon ring for 115 gold pieces
 48744 | Snake:1  | Bought a scroll of remove curse for 69 gold pieces
 48744 | Snake:1  | Bought a scroll of enchant armour for 172 gold pieces
 49327 | Snake:2  | Reached skill level 15 in Fighting
 49585 | Snake:2  | Reached XP level 17. HP: 134/142 MP: 17/17
 51103 | Snake:2  | Killed Aizul
 52861 | Snake:2  | Bought a crude scale mail for 369 gold pieces
 52871 | Snake:2  | Identified the +4 scale mail "Nitelaa" {*Contam Str+2 Stlth+} (You bought it in a shop on level 2 of the Snake Pit)
 52877 | Snake:2  | Bought a brightly glowing scale mail for 369 gold pieces
 52882 | Snake:2  | Identified the +1 scale mail "Haidwofupt" {Str+3 Stlth+} (You bought it in a shop on level 2 of the Snake Pit)
 52987 | Snake:3  | Noticed Saint Roka
 54386 | Swamp:4  | Learned a level 1 spell: Apportation
 54388 | Swamp:4  | Learned a level 1 spell: Summon Butterflies
 55596 | Swamp:4  | Got a decaying rune of Zot
 56009 | Vaults:1 | Entered Level 1 of the Vaults
 56169 | Vaults:1 | Identified the Grimoire of Enchantment
 57259 | Vaults:1 | Reached XP level 18. HP: 122/152 MP: 18/18
 57567 | Vaults:1 | Noticed Nikola
 57579 | Vaults:1 | Killed Nikola
 57860 | Vaults:1 | Noticed Asterion
 57877 | Vaults:1 | Killed Asterion
 58251 | Vaults:2 | Noticed Sojobo
 58494 | Vaults:2 | Noticed Boris
 58505 | Vaults:2 | Killed Boris
 58895 | Vaults:2 | Reached skill level 15 in Shields
 59029 | Vaults:2 | Killed Sojobo
 59466 | Vaults:2 | Noticed a bone dragon
 59491 | Vaults:2 | Killed a bone dragon
 59736 | Vaults:2 | Found a staircase to the Crypt.
 59909 | Vaults:2 | Reached skill level 17 in Fighting
 61420 | Vaults:3 | Reached XP level 19. HP: 145/161 MP: 19/19
 62008 | Vaults:4 | Noticed Mara
 62619 | Vaults:4 | Reached skill level 5 in Dodging
 62738 | Vaults:4 | Reached skill level 15 in Armour
 62750 | Vaults:4 | Reached skill level 18 in Fighting
 63047 | Vaults:4 | Noticed Goblin1989's illusion
 64478 | Vaults:4 | Reached skill level 19 in Fighting
 64893 | Elf:1    | Entered Level 1 of the Elven Halls
 65053 | Elf:1    | Gained mutation: You have hoof-like feet. [demonic ancestry]
 65053 | Elf:1    | Reached XP level 20. HP: 154/174 MP: 20/20
 65827 | Elf:2    | Found Extal's Weapon Emporium.
 65992 | Elf:2    | Found a huge runed gate.
 65992 | Elf:2    | Found a huge runed gate.
 65995 | Elf:2    | Found a huge runed gate.
 66385 | Elf:3    | Entered Level 3 of the Elven Halls
 67477 | Elf:3    | Got a transparent marble ring
 68347 | Elf:3    | Got a sparkling jade ring
 68391 | Elf:3    | Identified Hocaown's Catalogue of Captivating Summoning
 68397 | Elf:3    | Learned a level 2 spell: Song of Slaying
 68400 | Elf:3    | Learned a level 2 spell: Shroud of Golubria
 68488 | Elf:3    | Identified the ring of Amelioration {rC+ Int+5 Dex+4} (You took it off a deep elf annihilator on level 3 of the Elven Halls)
 68490 | Elf:3    | Identified the ring "Donicrem" {rN+ MP+9 Str+3 SInv} (You took it off a deep elf blademaster on level 3 of the Elven Halls)
 68526 | Elf:3    | Reached skill level 20 in Fighting
 68916 | Depths:1 | Entered Level 1 of the Depths
 68969 | Depths:1 | Noticed Margery
 69099 | D:15     | Killed Margery
 69304 | Depths:1 | Found a one-way gate to the infinite horrors of the Abyss.
 69386 | Depths:1 | Found a flickering gateway to a bazaar.
 69393 | Bazaar   | Entered a bazaar
 69397 | Bazaar   | Found Loneng's Food Boutique.
 69403 | Bazaar   | Bought a bread ration for 55 gold pieces
 69403 | Bazaar   | Bought a meat ration for 55 gold pieces
 69403 | Bazaar   | Bought a bread ration for 55 gold pieces
 69403 | Bazaar   | Bought a royal jelly for 22 gold pieces
 69403 | Bazaar   | Bought a fruit for 16 gold pieces
 69403 | Bazaar   | Bought a bread ration for 55 gold pieces
 69403 | Bazaar   | Bought a meat ration for 55 gold pieces
 69403 | Bazaar   | Bought a meat ration for 55 gold pieces
 69416 | Bazaar   | Found Hieheptu's Jewellery Emporium.
 69427 | Bazaar   | Found Vaopn's Distillery.
 69432 | Bazaar   | Bought a potion of resistance for 140 gold pieces
 69432 | Bazaar   | Bought a potion of heal wounds for 70 gold pieces
 69432 | Bazaar   | Bought a potion of berserk rage for 70 gold pieces
 69432 | Bazaar   | Bought a potion of cure mutation for 490 gold pieces
 69432 | Bazaar   | Bought a potion of cure mutation for 490 gold pieces
 69451 | Bazaar   | Found Nuanoa Yreps's Distillery.
 69456 | Bazaar   | Bought a potion of cure mutation for 630 gold pieces
 69456 | Bazaar   | Bought a potion of haste for 180 gold pieces
 69456 | Bazaar   | Bought a potion of heal wounds for 90 gold pieces
 69456 | Bazaar   | Bought a potion of might for 72 gold pieces
 69456 | Bazaar   | Bought a potion of berserk rage for 90 gold pieces
 69456 | Bazaar   | Bought a potion of ambrosia for 144 gold pieces
 69456 | Bazaar   | Bought a potion of haste for 180 gold pieces
 69569 | Bazaar   | Lost mutation: You have a pair of small horns on your head. [potion of cure mutation]
 69569 | Bazaar   | Lost mutation: Your mind is acute. (Int +2) [potion of cure mutation]
 69936 | Depths:1 | Found a gateway to Hell.
 70018 | Depths:1 | Reached XP level 21. HP: 176/184 MP: 21/21
 70947 | Depths:2 | Found a one-way gate leading to the halls of Pandemonium.
 70955 | Depths:2 | Reached skill level 10 in Dodging
 71289 | Depths:2 | Noticed Jory
 71312 | Depths:2 | Killed Jory
 71312 | Depths:2 | Reached skill level 21 in Fighting
 71449 | Depths:2 | Identified the Grimoire of Translocation
 72250 | Depths:3 | Reached skill level 1 in Necromancy
 72277 | Depths:2 | Learned a level 4 spell: Passage of Golubria
 72454 | Depths:2 | You fall through a shaft!
 72517 | Depths:3 | Reached skill level 1 in Spellcasting
 72517 | Depths:3 | Reached skill level 1 in Charms
 72570 | Depths:3 | Found a flickering gateway to a bazaar.
 72592 | Bazaar   | Entered a bazaar
 72596 | Bazaar   | Found Cocip's Food Emporium.
 72602 | Bazaar   | Bought 3 fruits for 36 gold pieces
 72602 | Bazaar   | Bought a beef jerky for 12 gold pieces
 72602 | Bazaar   | Bought a bread ration for 40 gold pieces
 72602 | Bazaar   | Bought a meat ration for 40 gold pieces
 72602 | Bazaar   | Bought a royal jelly for 16 gold pieces
 72602 | Bazaar   | Bought a bread ration for 40 gold pieces
 72602 | Bazaar   | Bought a beef jerky for 12 gold pieces
 72602 | Bazaar   | Bought a beef jerky for 12 gold pieces
 72602 | Bazaar   | Bought a bread ration for 40 gold pieces
 72602 | Bazaar   | Bought a bread ration for 40 gold pieces
 72602 | Bazaar   | Bought a beef jerky for 12 gold pieces
 72602 | Bazaar   | Bought 4 fruits for 48 gold pieces
 72620 | Bazaar   | Found Gosin's Weapon Shop.
 72650 | Bazaar   | Found Hinul's Gadget Shoppe.
 72658 | Bazaar   | Found Zozy's Book Boutique.
 73227 | Depths:3 | Identified the Reference Book on Lethal Envenoming
 73456 | Depths:3 | Gained mutation: You are immune to clouds of flame. [demonic ancestry]
 73456 | Depths:3 | Reached XP level 22. HP: 182/194 MP: 25/25
 73492 | Depths:3 | HP: 9/194 [deep troll (7)]
 73493 | Depths:3 | HP: 4/194 [deep troll earth mage/blast of rock fragments (6)]
 75178 | Depths:3 | Reached skill level 5 in Necromancy
 75206 | Depths:3 | Identified the Grimoire of Sinister Secrets and Talismans
 75467 | Depths:3 | Found a snail-covered altar of Cheibriados.
 75491 | Depths:3 | Identified a +1 rod of destruction (11/11) (You found it on level 3 of the Depths)
 75691 | Depths:3 | Identified the Papyrus of Venomous Transmigration
 75958 | Depths:4 | Found a shimmering altar of Xom.
 75973 | Depths:4 | Reached skill level 22 in Fighting
 76159 | Depths:4 | Reached skill level 5 in Charms
 77087 | Depths:4 | Noticed an ancient lich
 77107 | Depths:4 | Killed an ancient lich
 77936 | Depths:4 | Reached skill level 5 in Spellcasting
 78132 | Depths:4 | Gained mutation: You are completely covered in sharp spines. [demonic ancestry]
 78132 | Depths:4 | Reached XP level 23. HP: 180/204 MP: 30/30
 78336 | Depths:4 | Identified Tiafacki's Collected Works on Sinister Rites
 78523 | Depths:5 | Entered Level 5 of the Depths
 78715 | Depths:4 | Bought a +2 cloak of magic resistance for 301 gold pieces
 78728 | Depths:4 | Bought a glowing large shield for 121 gold pieces
 78728 | Depths:4 | Bought an embroidered cloak for 121 gold pieces
 78728 | Depths:4 | Bought an embroidered hat for 108 gold pieces
 79024 | Depths:5 | Found a gateway to a ziggurat.
 79265 | Depths:5 | Noticed the Enchantress
 79285 | Depths:5 | Killed the Enchantress
 80101 | Depths:5 | Found a gate to the Realm of Zot.
 80948 | Snake:2  | Killed Saint Roka
 81653 | Snake:4  | Entered Level 4 of the Snake Pit
 82428 | Snake:4  | Reached XP level 24. HP: 129/212 MP: 31/31
 82582 | Snake:4  | Noticed Vashnia
 82600 | Snake:4  | Killed Vashnia
 82880 | Snake:4  | Got a serpentine rune of Zot
 83546 | Crypt:1  | Entered Level 1 of the Crypt
 85172 | Crypt:3  | Entered Level 3 of the Crypt
 86276 | Crypt:3  | Found an ancient bone altar of Kikubaaqudgha.
 86276 | Crypt:3  | Found a basalt altar of Yredelemnul.
 86300 | Crypt:3  | Identified a +4 rod of ignition (13/13) (You found it on level 3 of the Crypt)
 86344 | Crypt:3  | Got a bound bronze ring
 86344 | Crypt:3  | Got a warped steel ring
 86345 | Crypt:3  | Identified the ring of Curiosity {rF+ rN+ MP+9 Dex-3} (You found it on level 3 of the Crypt)
 86346 | Crypt:3  | Identified the ring of Baceud {rN+ Str+5} (You found it on level 3 of the Crypt)
 86465 | Crypt:3  | Found a staircase to the Tomb.
 87133 | Slime:1  | Entered Level 1 of the Pits of Slime
 87145 | Slime:1  | Gained mutation: Armour fits poorly on your strangely shaped body. [a shining eye]
 87146 | Slime:1  | Gained mutation: You have hooves in place of feet. [demonic ancestry]
 87146 | Slime:1  | Reached XP level 25. HP: 219/219 MP: 35/35
 87147 | Slime:1  | Gained mutation: Your magical capacity is low (-10% MP). [a shining eye]
 87147 | Slime:1  | Gained mutation: You expend magic power (3 MP) to strengthen your wands. [a shining eye]
 87149 | Slime:1  | Gained mutation: You are clumsy. (Dex -2) [a shining eye]
 87151 | Slime:1  | Gained mutation: Scrolls take you a little longer to read. [a shining eye]
 87152 | Slime:1  | Gained mutation: Your magical capacity is very low (-20% MP). [a shining eye]
 87169 | Slime:1  | Gained mutation: You tend to lose your temper in combat. [a shining eye]
 87171 | Slime:1  | Gained mutation: You occasionally shout uncontrollably at your foes. [a shining eye]
 87483 | Slime:3  | Gained mutation: You often lose your temper in combat. [a shining eye]
 87485 | Slime:3  | Gained mutation: Scrolls take you longer to read. [a shining eye]
 87525 | Slime:3  | Lost mutation: You occasionally shout uncontrollably at your foes. [potion of cure mutation]
 87525 | Slime:3  | Lost mutation: You expend magic power (3 MP) to strengthen your wands. [potion of cure mutation]
 87525 | Slime:3  | Lost mutation: You often lose your temper in combat. [potion of cure mutation]
 87525 | Slime:3  | Lost mutation: Armour fits poorly on your strangely shaped body. [potion of cure mutation]
 87525 | Slime:3  | Lost mutation: You are clumsy. (Dex -2) [potion of cure mutation]
 87526 | Slime:3  | Lost mutation: Your magical capacity is very low (-20% MP). [potion of cure mutation]
 87526 | Slime:3  | Lost mutation: Your magical capacity is low (-10% MP). [potion of cure mutation]
 87526 | Slime:3  | Lost mutation: Scrolls take you longer to read. [potion of cure mutation]
 87526 | Slime:3  | Lost mutation: Scrolls take you a little longer to read. [potion of cure mutation]
 87596 | Slime:6  | Entered Level 6 of the Pits of Slime
 87689 | Slime:6  | Gained mutation: Scrolls take you a little longer to read. [a shining eye]
 87704 | Slime:6  | Noticed the royal jelly
 87722 | Slime:6  | Killed the royal jelly
 87744 | Slime:6  | HP: 8/219 [acid[the royal jelly] (6)]
 87744 | Slime:6  | Splashed by an acid blob's acid

Action                   |  1- 3 |  4- 6 |  7- 9 | 10-12 | 13-15 | 16-18 | 19-21 | 22-24 | 25-27 || total
-------------------------+-------+-------+-------+-------+-------+-------+-------+-------+-------++-------
Melee: Mace              |    61 |       |       |       |       |       |       |       |       ||    61
       Whip              |     9 |    45 |       |   297 |       |       |       |       |       ||   351
       Flail             |       |   172 |   447 |    90 |       |       |       |       |       ||   709
       Morningstar       |       |       |       |   694 |  2136 |       |       |       |       ||  2830
       Unarmed           |       |       |       |       |    10 |       |       |       |       ||    10
       Eveningstar       |       |       |       |       |    16 |  1698 |  1987 |  2620 |   220 ||  6541
 Fire: Hand crossbow     |    52 |    13 |       |    32 |       |       |       |       |       ||    97
 Cast: Regeneration      |       |       |       |       |       |       |       |     4 |     3 ||     7
Invok: Potion Petition   |       |       |     1 |     7 |     2 |     1 |     1 |     2 |       ||    14
       Call Merchant     |       |       |       |       |     2 |     3 |       |     3 |       ||     8
Evoke: Wand              |       |       |       |    22 |     4 |       |     4 |       |     5 ||    35
       Box of beasts     |       |       |       |     4 |       |       |       |       |       ||     4
  Use: Scroll            |       |    11 |     4 |    15 |    17 |     5 |     7 |    19 |     1 ||    79
       Potion            |       |     2 |     2 |     9 |     8 |    10 |     1 |     4 |     3 ||    39
 Stab: Sleeping          |     1 |     8 |    13 |     4 |     1 |     8 |       |       |       ||    35
       Distracted        |     1 |       |     2 |     7 |    17 |    12 |    12 |    25 |     2 ||    78
       Invisible         |       |     1 |       |     8 |       |       |       |       |       ||     9
  Eat: Chunk             |     2 |     2 |       |       |       |       |       |       |       ||     4
       Beef jerky        |       |     1 |       |       |     4 |     1 |     1 |       |       ||     7
       Meat ration       |       |     1 |     2 |     3 |     8 |     9 |     4 |     6 |     1 ||    34
       Royal jelly       |       |       |     1 |     1 |       |       |     2 |     1 |       ||     5
       Bread ration      |       |       |     2 |     7 |       |       |     3 |     1 |       ||    13
       Fruit             |       |       |       |     2 |    18 |    16 |     3 |    21 |     8 ||    68
       Pizza             |       |       |       |       |     2 |     1 |       |     2 |       ||     5
